 Dungeon Crawl Stone Soup version 0.28.0-53-g5a82cb258f (webtiles) character file.

Game seed: 12325878221690247574

45 spiderkeys the Ducker (level 3, -1/22 HPs)
             Began as a Deep Elf Abyssal Knight on June 10, 2022.
             Was a Believer of Lugonu.
             Slain by a kobold
             ... wielding a +0 short sword
              (4 damage)
             ... on level 2 of the Dungeon.
             The game lasted 00:01:50 (1651 turns).

spiderkeys the Ducker (Deep Elf Abyssal Knight)     Turns: 1651, Time: 00:01:50

Health: -1/22      AC:  3    Str: 10    XL:     3   Next: 42%
Magic:  7/7        EV: 12    Int: 16    God:    Lugonu [**....]
Gold:   64         SH:  0    Dex: 15    Spells: 2/5 levels left

rFire   . . .      SeeInvis .   a - +1 spear
rCold   . . .      Faith    .   (no shield)
rNeg    . . .      Spirit   .   b - +0 leather armour
rPois   .          Reflect  .   e - +0 hat
rElec   .          Harm     .   (no cloak)
rCorr   .          Rampage  .   (no gloves)
Will    .....                   (no boots)
Stlth   +.........              (no amulet)
HPRegen 0.07/turn               (no ring)
MPRegen 0.10/turn               (no ring)

@: no status effects
A: no striking features
a: Renounce Religion, Depart the Abyss, Bend Space


You were on level 2 of the Dungeon.
You worshipped Lugonu.
Lugonu was pleased with you.
You visited 1 branch of the dungeon, and saw 2 of its levels.
You visited the Abyss 1 time.

You collected 64 gold pieces.


   Skills:
 + Level 2.7 Fighting
 - Level 1.3 Polearms
 - Level 0.7 Armour
 + Level 3.1 Dodging
 + Level 1.8 Spellcasting
 + Level 0.3 Ice Magic
 + Level 2.6 Invocations


You had 2 spell levels left.
You knew the following spells:

 Your Spells              Type           Power      Damage    Failure   Level
o - Ozocubu's Armour      Ice            2%         N/A       58%         3

Your spell library contained the following spells:

 Spells                   Type           Power      Damage    Failure   Level
 Inner Flame              Hex/Fire       1%         N/A       65%         3
 Cause Fear               Hex            0%         N/A       96%         4
 Ozocubu's Refrigeration  Ice            1%         4d5       100%        7
 Discord                  Hex            0%         N/A       100%        8

Inventory:

Hand Weapons
 a - a +1 spear (weapon)
Missiles
 d - 5 stones
 g - 5 curare-tipped darts {=f}
Armour
 b - a +0 leather armour (worn)
 e - a +0 hat (worn)
   (You found it on level 1 of the Dungeon)
Scrolls
 c - a scroll of identify {unknown}
 f - a scroll of teleportation {unknown}
 h - a scroll of amnesia {unknown}

Dungeon Overview and Level Annotations

Branches:
Dungeon (2/15)

Altars:

.[....# .....# ....#
##### ...###.....
..#....... #.#.......
#.#....# #.#K...###
#############.@K......
#.....................
#.############........
#.# #........ ###.#
#........ ....#
#........ #####
#........ # #........
# .......


You could see 2 kobolds.


Message History

There is an open door here.
There is an open door here.
Done exploring. 😎 HP[+4]
Your hp is fully restored (22).
Done exploring.
You open the door.
There is an open door here.
There is an open door here.
There is an open door, spattered with blood here.
Things that are here:
a +0 whip; a +0 club; a +0 club
There is a stone staircase leading down here.
You climb downwards.
There is a stone staircase leading up here.
A ball python comes into view.
You hit the ball python but do no damage.
The ball python barely misses you. The ball python grabs you.
The ball python constricts you. 😕 HP[-1]
You take 1 damage, and now have 21/22 hp.
You hit the ball python.
You kill the ball python!
Lugonu accepts your kill.
No target in view!
No target in view!
Key pressed, stopping explore.
A kobold comes into view.
It is wielding a +0 dagger and quivering poisoned darts.
The kobold moves out of view. 😎 HP[+1]
Your hp is fully restored (22).
A goblin comes into view. It is wielding a +0 club.
A frilled lizard comes into view.
The frilled lizard hisses angrily.
The kobold shouts!
The goblin shouts!
You reach to attack!
You hit the frilled lizard.
You kill the frilled lizard!
Lugonu accepts your kill.
The kobold throws a poisoned dart.
The poisoned dart hits you!
You are poisoned.
You feel very sick.
A kobold comes into view.
It is wielding a +0 short sword. 😕 HP[-3]
You take 3 damage, and now have 19/22 hp.
You feel sick. 😕 HP[-1]
You take 1 damage, and now have 18/22 hp.
You aren't carrying any potions.
You feel sick. 😮 HP[-2]
You take 2 damage, and now have 16/22 hp.
Reach: a) +1 spear
Press: ? - help, Dir - move target, f - you
Okay, then.
You feel sick. 😮 HP[-1]
You take 1 damage, and now have 15/22 hp.
You feel sick. 😮 HP[-1]
You take 1 damage, and now have 14/22 hp.
You completely miss the goblin.
You feel sick. The goblin closely misses you. 😮 HP[-1]
You take 1 damage, and now have 13/22 hp.
You barely miss the goblin.
You feel sick. The goblin closely misses you. 😮 HP[-1]
You take 1 damage, and now have 12/22 hp.
You hit the goblin.
You feel sick.
You are no longer poisoned.
The goblin closely misses you. 😨 HP[-1]
You take 1 damage, and now have 11/22 hp.
The kobold shouts!
You hit the goblin but do no damage. The goblin hits you with a +0 club.
* * * LOW HITPOINT WARNING * * *
😨 HP[-2]
You take 2 damage, and now have 9/22 hp.
You hit the goblin. The goblin hits you but does no damage.
The goblin barely misses you.
You hit the goblin.
You kill the goblin!
Lugonu accepts your kill. The kobold closely misses you.
You see here a +0 club.
You closely miss the kobold. The kobold barely misses you.
The kobold hits you with a +0 dagger.
* * * LOW HITPOINT WARNING * * *
😨 HP[-1]
You take 1 damage, and now have 8/22 hp.
You completely miss the kobold.
The kobold hits you with a +0 short sword.
* * * LOW HITPOINT WARNING * * *
The kobold hits you with a +0 dagger.
* * * LOW HITPOINT WARNING * * *
😱 HP[-5]
You take 5 damage, and now have 3/22 hp.
MASSIVE DAMAGE!! (PAUSE)
You closely miss the kobold.
The kobold hits you with a +0 short sword.
You die...

Skill      XL: |  1  2 |
---------------+-------+-----
Spellcasting   | 1 |  1.8
Dodging        | 3 |  3.1
Fighting       | |  2.7
Polearms       | |  1.3
Armour         | |  0.7
Ice Magic      | |  0.3
Invocations    | |  2.6

Action                   || total
-------------------------++-------
Melee: Spear             ||   134
       Punch             ||     3
 Stab: Sleeping          ||     3
Armor: Leather armour    ||    25
Dodge: Dodged            ||    77

Levels and vault maps discovered:
D:1:      dpeg_arrival_simpleton_c, layout_basic, kennysheep_minor_cross
D:2:      layout_basic, dilly_ecumenical_altar_fadedgnrine

Notes
Turn   | Place    | Note
-------+----------+-------------------------------------------
     0 | Abyss:1  | spiderkeys the Deep Elf Abyssal Knight began the quest for
                  | the Orb.
     0 | Abyss:1  | Reached XP level 1. HP: 13/13 MP: 4/4
     0 | Abyss:1  | magus.rc [v1.11.3]
     0 | Abyss:1  | Found a corrupted altar of Lugonu.
    12 | D:1      | You pass through the gate.
    12 | D:1      | Escaped the Abyss
   161 | D:1      | HP: 3/13 [frilled lizard (2)]
   163 | D:1      | Reached XP level 2. HP: 4/18 MP: 5/5
   257 | D:1      | Reached skill level 1 in Spellcasting
   726 | D:1      | You add the spells Ozocubu's Armour and Ozocubu's
                  | Refrigeration to your library.
   772 | D:1      | Reached skill level 3 in Dodging
   949 | D:1      | Reached XP level 3. HP: 22/22 MP: 7/7
   953 | D:1      | Learned a level 3 spell: Ozocubu's Armour
   967 | D:1      | Reached ** piety under Lugonu
  1004 | D:1      | You pick up a book of Hexes and begin reading...
  1004 | D:1      | You add the spells Inner Flame, Cause Fear and Discord to
                  | your library.
  1650 | D:2      | HP: 5/22 [kobold/+0 short sword (3)]
  1651 | D:2      | Slain by a kobold

Vanquished Creatures
  A dart slug (D:1)
  A ball python (D:2)
  4 bats (D:1)
  An endoplasm (D:1)
  2 giant cockroaches (D:1)
  6 goblins
  6 hobgoblins (D:1)
  6 jackals (D:1)
  A quokka (D:1)
  4 frilled lizards
  2 kobolds (D:1)
  4 rats (D:1)
38 creatures vanquished.

Table legend:
 A = Non-vault XP
 B = Vault XP
 C = Vault XP percentage of total XP
 D = Non-vault monster count
 E = Vault monster count
 F = Vault count percentage of total count
                 A         B        C        D         E       F
            +---------+---------+-------+---------+---------+-------
      Total |      65 |       0 |   0.0 |      38 |       0 |   0.0
            +---------+---------+-------+---------+---------+-------
        D:1 |      60 |       0 |   0.0 |      35 |       0 |   0.0
        D:2 |       5 |       0 |   0.0 |       3 |       0 |   0.0
            +---------+---------+-------+---------+---------+-------

Illustrated notes

Table legend:
 A = Kills in this place as a percentage of kills in entire the game.
 B = Kills by you in this place as a percentage of kills by you in the entire game.
 C = Kills by friends in this place as a percentage of kills by friends in the entire game.
 D = Other kills in this place as a percentage of other kills in the entire game.
 E = Experience gained in this place as a percentage of experience gained in the entire game.
 F = Experience gained in this place divided by the number of levels of this place that you have seen.
                   A       B       C       D       E      F
               +-------+-------+-------+-------+-------+----------------------
         Total | 100.0 | 100.0 |   N/A |   N/A | 100.0 |  21.7
       Dungeon | 100.0 | 100.0 |   N/A |   N/A | 100.0 |  32.5
               +-------+-------+-------+-------+-------+----------------------

Table legend: (Time is in decaauts)
 A = Elapsed time spent in this place.
 B = Non-inter-level travel time spent in this place.
 C = Inter-level travel time spent in this place.
 D = Time resting spent in this place.
 E = Time spent auto-exploring this place.
 F = Levels seen in this place.
 G = Mean time per level.
                   A        B        C        D        E       F      G
               +--------+--------+--------+--------+--------+-----+--------+
         Total |   1654 |   1616 |     38 |     39 |   1334 |   3 |  551.3 |
       Dungeon |   1642 |   1604 |     38 |     39 |   1327 |   2 |  821.0 |
         Abyss |     12 |     12 |      0 |      0 |      7 |   1 |   12.0 |
               +--------+--------+--------+--------+--------+-----+--------+

Top non-repeatable levels by time:
     D:1: 1571 daAuts
     D:2: 71 daAuts
 Abyss:1: 12 daAuts
